 Dungeon Crawl Stone Soup version 0.23.2-1-ga50397a6bc (webtiles) character file.

Game seed: 15002223208961742748

15 Foic the Magician (level 2, 0/13 HPs)
             Began as a Deep Elf Wizard on May 24, 2019.
             Slain by Natasha (4 damage)
             ... on level 2 of the Dungeon.
             The game lasted 00:04:08 (1247 turns).

Foic the Magician (Deep Elf Wizard)                 Turns: 1247, Time: 00:04:09

Health: 0/13       AC:  2    Str:  4    XL:     2   Next: 34%
Magic:  2/10       EV: 13    Int: 22    God:
Gold:   4          SH:  0    Dex: 13    Spells: 4/11 levels left

rFire    . . .     SeeInvis .   (no weapon)
rCold    . . .     Gourm    .   (no shield)
rNeg     . . .     Faith    .   a - +0 robe
rPois    .         Spirit   .   b - +0 hat
rElec    .         Reflect  .   (no cloak)
rCorr    .         Harm     .   (no gloves)
MR       .....                  (no boots)
Stlth    ++........             (no amulet)
HPRegen  0.04/turn              (no ring)
MPRegen  0.12/turn              (no ring)

@: no status effects
A: frail 1, mutation resistance 1, subdued magic 1
a: no special abilities


You were on level 2 of the Dungeon.
You were not hungry.

You visited 1 branch of the dungeon, and saw 2 of its levels.

You collected 4 gold pieces.

Inventory:

Armour
 a - a +0 robe (worn)
 b - a +0 hat (worn)
 f - a +0 leather armour
Jewellery
 h - an uncursed amulet of magic regeneration {unknown}
Scrolls
 i - a scroll of identify {unknown}
Potions
 e - a potion of heal wounds {unknown}
Comestibles
 d - 3 rations
 g - 3 chunks of flesh


   Skills:
 * Level 2.8 Dodging
 + Level 2.6 Stealth
 + Level 5.1 Spellcasting
 + Level 1.1 Conjurations
 + Level 1.1 Summonings
 + Level 1.1 Translocations


You had 4 spell levels left.
You knew the following spells:

 Your Spells              Type           Power        Failure   Level  Hunger
a - Magic Dart            Conj           #...         4%          1    None
b - Blink                 Tloc           N/A          8%          2    None
c - Call Imp              Summ           #.......     8%          2    None
d - Slow                  Hex            #.......     13%         2    None

Your spell library contained the following spells:

 Spells                   Type           Power        Failure   Level  Hunger
 Conjure Flame            Conj/Fire      #.......     21%         3    ##.....
 Mephitic Cloud           Conj/Pois/Air  #.......     22%         3    ##.....


Dungeon Overview and Level Annotations

Branches:
Dungeon (2/15)

Altars:
Ashenzari
Ru

Annotations:
D:2 Natasha


Innate Abilities, Weirdness & Mutations

You are frail. (-10% HP)
You are somewhat resistant to further mutation.
Your spells are a little easier to cast, but a little less powerful.


Message History

g - Guard the area. f - Follow me.
Anything else - Cancel.
Gang up on whom?
Press: ? - help, Dir - move target cursor, f/p - Natasha
Aim: Natasha (moderately wounded, unusually resistant) Attack!
The white imp gestures at you. The puff of frost misses you.
Natasha wildly gestures.
You feel disoriented.
Natasha mumbles some strange words.
The white imp gestures at you. The puff of frost misses you.
The crimson imp blinks!
The crimson imp closely misses you. The crimson imp barely misses you.
The white imp closely misses you.
The crimson imp hits you but does no damage.
The crimson imp blinks!
Natasha misses you.
You feel yourself speed up. Natasha claws you.
You die...

######..#.# #.#
#.# # #..#.# #..
..# # #..#.# ###
# # #..#.#
######..#.# ##..
...#.#### ....
....[...# ##.# #
#5##5#######.#
#.#
#.##...5..h@$...#
#.#
#.....#.#########
#.# ####.##.#
##.## #.##.#
....# #ยง##.#
.##.#####.##.#
.............#
.############# .#


You could see Natasha, 2 crimson imps and a white imp.

Vanquished Creatures
  3 bats
  6 goblins (D:1)
  A rat (D:1)
10 creatures vanquished.

Vanquished Creatures (collateral kills)
  4 jackals (D:2)
  A quokka (D:2)
5 creatures vanquished.

Grand Total: 15 creatures vanquished

Notes
Turn   | Place    | Note
-------+----------+-------------------------------------------
     0 | D:1      | Foic the Deep Elf Wizard began the quest for the Orb.
     0 | D:1      | Reached XP level 1. HP: 10/10 MP: 7/7
    48 | D:1      | Found a shattered altar of Ashenzari.
   495 | D:1      | Reached XP level 2. HP: 15/15 MP: 5/9
   499 | D:1      | Learned a level 2 spell: Blink
   502 | D:1      | Learned a level 2 spell: Call Imp
   505 | D:1      | Learned a level 2 spell: Slow
   932 | D:2      | Reached skill level 5 in Spellcasting
  1133 | D:2      | Found a sacrificial altar of Ru.
  1159 | D:2      | Noticed Natasha
  1234 | D:2      | Gained mutation: Your spells are a little easier to cast,
                  | but a little less powerful. [potion of mutation]
  1234 | D:2      | Gained mutation: You are frail. (-10% HP) [potion of
                  | mutation]
  1234 | D:2      | Gained mutation: You are somewhat resistant to further
                  | mutation. [potion of mutation]
  1239 | D:2      | Noticed a crimson imp
  1240 | D:2      | Noticed a crimson imp
  1247 | D:2      | Slain by Natasha

Skill      XL: |  1  2 |
---------------+-------+-----
Spellcasting   | 5 |  5.1
Dodging        | |  2.8
Stealth        | |  2.6
Conjurations   | |  1.1
Summonings     | |  1.1
Translocations | |  1.1

Action                   || total
-------------------------++-------
 Cast: Magic Dart        ||    20
       Call Imp          ||    12
       Slow              ||     1
       Blink             ||     1
  Use: Scroll            ||     1
       Potion            ||     1
  Eat: Chunk             ||     1
Armor: Robe              ||     5
Dodge: Dodged            ||    14
